 Dungeon Crawl Stone Soup version 0.29.1-2-gbd0b4ee654 (webtiles) character file.

Game seed: 15954947738010846570

555 DildoBatman the Conjurer (level 7, -5/52 HPs)
             Began as a Formicid Conjurer on Nov 22, 2022.
             Slain by an orc warrior
             ... wielding a +0 hand axe
              (15 damage)
             ... on level 7 of the Dungeon.
             The game lasted 00:11:04 (4090 turns).

DildoBatman the Conjurer (Formicid Conjurer)        Turns: 4090, Time: 00:11:04

Health: -5/52      AC:  3    Str: 14    XL:     7   Next: 56%
Magic:  13/13      EV: 12    Int: 24    God:
Gold:   233        SH:  0    Dex: 12    Spells: 11/14 levels left

rFire   + . .      SeeInvis +   a - +9 mace "Counk" {chaos, Str+3 Int+4}
rCold   + . .      Faith    .   (no shield)
rNeg    . . .      Spirit   .   m - +0 robe
rPois   .          Reflect  .   (helmet unavailable)
rElec   .          Harm     .   w - scarf {rC+ rF+}
rCorr   .          Rampage  .   (no gloves)
Will    ++...                   j - +0 pair of boots
Stlth   ++........              r - amulet of regeneration
HPRegen 0.97/turn               f - ring of willpower
MPRegen 0.13/turn               g - ring of willpower

@: no status effects
A: permanent stasis, dig shafts and tunnels, antennae 3, four strong arms
a: Dig, Shaft Self


You were on level 7 of the Dungeon.
You visited 1 branch of the dungeon, and saw 7 of its levels.

You collected 233 gold pieces.

Inventory:

Hand Weapons
 a - the +9 mace "Counk" (weapon) {chaos, Str+3 Int+4}
   (You found it on level 3 of the Dungeon)

   Each time it hits an enemy it has a different, random effect.
   Str:       It affects your strength (+3).
   Int:       It affects your intelligence (+4).
 b - a +0 shortbow
Missiles
 k - 7 poisoned darts
 p - 21 stones
Armour
 j - a +0 pair of boots (worn)
 m - a +0 robe (worn)
 w - a scarf of resistance (worn)
Jewellery
 f - a ring of willpower (left hand)
 g - a ring of willpower (right hand)
 r - an amulet of regeneration (around neck)
Wands
 v - a wand of flame (21)
Scrolls
 e - a scroll of immolation
 i - a scroll of fear {unknown}
 l - a scroll of enchant armour {unknown}
 n - a scroll of noise {unknown}
 s - a scroll of vulnerability {unknown}
 t - a scroll of summoning {unknown}
 u - a scroll of brand weapon {unknown}
 z - 3 scrolls of identify
Potions
 c - a potion of might {unknown}
 d - 2 potions of curing {unknown}
 h - a potion of lignification {unknown}
 o - a potion of heal wounds {unknown}
 q - a potion of magic
 x - 2 potions of flight {unknown}


   Skills:
 - Level 3.0 Fighting
 - Level 3.0 Armour
 - Level 2.0 Dodging
 - Level 2.4 Stealth
 * Level 4.3 Spellcasting
 * Level 5.7 Conjurations


You had 11 spell levels left.
You knew the following spells:

 Your Spells              Type           Power      Damage    Failure   Level
a - Searing Ray           Conj           64%        2d6       1%          2
c - Magic Dart            Conj           100%       1d8       1%          1

Your spell library contained the following spells:

 Spells                   Type           Power      Damage    Failure   Level
 Dazzling Flash           Conj/Hex       36%        N/A       9%          3
 Ozocubu's Armour         Ice            5%         N/A       28%         3
 Fulminant Prism          Conj/Hex       9%         3d7       28%         4
 Iskenderun's Mystic Bla  Conj/Tloc      18%        2d6       28%         4
 Metabolic Englaciation   Hex/Ice        2%         N/A       95%         5
 Simulacrum               Ice/Necr       2%         N/A       100%        6


Dungeon Overview and Level Annotations

Branches:
Dungeon (8/15)
 Temple: D:4-7         Lair: D:8-11

Altars:
Qazlal
Uskayaw
Xom

Shops:
D:2 [   D:7 =

Annotations:
D:2 Sigmund
D:3 1 runed translucent door, 1 exclusion, Grinder, Ijyb, Natasha
D:4 exclusion: dancing weapon


Innate Abilities, Weirdness & Mutations

You cannot be hasted, slowed, berserked, paralysed or teleported.
You can dig through walls and to a lower floor.
You have a pair of large antennae on your head. (SInv)
Your four strong arms can wield two-handed weapons with a shield.


Message History

The orc shouts!
There is a stone staircase leading down here.
You close the door.
You start resting.
An orc warrior comes into view. It is wielding a +0 hand axe.
There is a stone staircase leading down here.
The orc warrior shouts!
You hear a shout!
An orc comes into view. It is wielding a +0 hand axe.
You hit the orc warrior.
The orc warrior easily resists.
The orc warrior is lightly wounded.
The orc warrior hits you with a +0 hand axe!
You closely miss the orc warrior.
The orc warrior is lightly wounded.
The orc barely misses you. The orc warrior closely misses you.
You completely miss the orc warrior.
The orc warrior is lightly wounded.
The orc misses you. The orc warrior barely misses you.
The orc closely misses you.
The orc warrior hits you with a +0 hand axe!
You barely miss the orc warrior.
You punch the orc warrior, but do no damage.
The orc warrior is lightly wounded.
The orc closely misses you.
The orc warrior hits you with a +0 hand axe!
You hit the orc warrior.
The orc warrior is poisoned.
The orc warrior is lightly wounded.
The orc hits you from afar with a +0 trident.
The orc closely misses you. The orc warrior closely misses you.
The orc hits you from afar with a +0 trident.
The orc barely misses you.
The orc warrior hits you but does no damage.
The orc warrior attacks as you move away!
The orc warrior hits you with a +0 hand axe!
You die...

#..o.. .....#
##.....##.....##...#
.......#...........#
.......#...........#
.∩.....#...........#
.......+...........#
.......#>..........#
.......#...o.o.....#
.......#....o@.....#
####################


You could see an orc warrior (poisoned) and 2 orcs.

Vanquished Creatures
  A black bear (D:4)
  2 centaurs
  A scorpion (D:5)
  A howler monkey (D:3)
  2 hounds (D:4)
  7 adders
  A shadow imp (D:8)
  3 worms
  A dart slug (D:4)
  8 bats
  5 endoplasms (D:1)
  2 giant cockroaches
  10 goblins
  5 hobgoblins
  8 kobolds
  A quokka (D:2)
  12 ball pythons
  2 frilled lizards
  4 rats
76 creatures vanquished.

Vanquished Creatures (others)
  5 fungi (D:3)
  2 plants (D:2)
7 creatures vanquished.

Grand Total: 83 creatures vanquished

Notes
Turn   | Place    | Note
-------+----------+-------------------------------------------
     0 | D:1      | DildoBatman the Formicid Conjurer began the quest for the
                  | Orb.
     0 | D:1      | Reached XP level 1. HP: 13/13 MP: 3/3
   138 | D:1      | Found a faded altar of an unknown god.
   151 | D:1      | Reached XP level 2. HP: 19/19 MP: 0/5
   157 | D:1      | Learned a level 2 spell: Searing Ray
   216 | D:1      | Reached skill level 4 in Conjurations
   526 | D:1      | Reached XP level 3. HP: 23/24 MP: 2/6
  1036 | D:2      | Reached XP level 4. HP: 30/30 MP: 3/7
  1099 | D:2      | Found Nemoar's Antique Armour Emporium.
  1657 | D:2      | Reached skill level 1 in Fighting
  1657 | D:2      | Reached skill level 1 in Armour
  1924 | D:3      | Identified the +9 mace "Counk" {chaos, Str+3 Int+4}
  1963 | D:3      | Noticed Grinder
  2088 | D:3      | Found a runed translucent door.
  2181 | D:3      | Reached XP level 5. HP: 37/37 MP: 7/9
  2266 | D:3      | Noticed Natasha
  2421 | D:3      | Noticed Sigmund
  2677 | D:3      | Found a stormy altar of Qazlal.
  2818 | D:4      | Reached skill level 5 in Conjurations
  2822 | D:4      | Noticed a black bear
  2841 | D:4      | Killed a black bear
  2842 | D:4      | Reached XP level 6. HP: 44/44 MP: 4/10
  2844 | D:4      | Noticed Ijyb
  3071 | D:4      | Noticed a +0 dagger
  3071 | D:4      | Noticed a +0 falchion
  3071 | D:4      | Noticed a +0 short sword
  3072 | D:4      | Noticed a +0 spear
  3072 | D:4      | Noticed a +0 spear
  3073 | D:4      | Noticed a +0 dagger
  3073 | D:4      | Noticed a +0 short sword
  3074 | D:4      | Noticed a +0 falchion
  3079 | D:4      | Found a hide-covered altar of Uskayaw.
  3805 | D:5      | Entered Level 5 of the Dungeon
  3825 | D:5      | Noticed an ogre
  3873 | D:5      | Reached XP level 7. HP: 51/51 MP: 12/12
  3906 | D:5      | Found a shimmering altar of Xom.
  3909 | D:5      | You fall into a shaft and drop 3 floors!
  4069 | D:7      | Found Fehial's Jewellery Shop.
  4090 | D:7      | Slain by an orc warrior

Illustrated notes

Levels and vault maps discovered:
D:1:      dpeg_arrival_pits, layout_rooms, hellmonk_ecumenical_altar_blasted,
          minivault_5, minmay_tromino_v4_b
D:2:      minmay_chambers_of_ones, layout_loops_ring, serial_shops, shop,
          serial_forest, infiniplex_forest_end_1, infiniplex_forest_lined_room_,
          infiniplex_forest_lined_1, infiniplex_forest_clump_small,
          infiniplex_forest_clump_double, infiniplex_forest_zigzag_1,
          infiniplex_forest_3_way, infiniplex_forest_straight_3,
          infiniplex_forest_zigzag_1
D:3:      layout_loops_cross, mainiacjoe_overflow_alcove_2, uniq_sigmund,
          uniq_natasha, uniq_crazy_yiuf_cottage, uniq_grinder
D:4:      layout_cave_pods, nicolae_uskayaw_en_pointe, uniq_ijyb
D:5:      layout_rooms, mainiacjoe_overflow_boulevard, serial_shops,
          nicolae_shop_trees, uniq_eustachio
D:7:      layout_gridville, nicolae_hepliaklqana_monster_ancestors,
          kennysheep_mini, serial_shops, nicolae_shop_trees, shop,
          nicolae_shop_bloodbath_and_beyond, shop_fountains, shop, uniq_menkaure
D:8:      minmay_the_grid_octo_tiled_octocenter [minmay_the_grid_octo_focus,
          minmay_the_grid_octo_concentric, minmay_the_grid_octo_clover_2,
          minmay_the_grid_octo_fan_narrow, minmay_the_grid_octo_prize_big_c,
          minmay_the_grid_square_5x5_v, minmay_the_grid_square_5x5_tetrominoes,
          minmay_the_grid_square_5x5_bite,
          minmay_the_grid_square_5x5_intrusive_squares], layout_cave_pools,
          mainiacjoe_overflow_paths, special_room [special_room_orc],
          hangedman_decor_opposing

Skill      XL: |  1  2  3  4  5  6  7 |
---------------+----------------------+-----
Conjurations   | 4 5 |  5.7
Dodging        | 2 |  2.0
Fighting       | 1 2 3 |  3.0
Armour         | 1 2 3 |  3.0
Spellcasting   | 3 4 |  4.3
Stealth        | |  2.4

Action                   |  1- 3 |  4- 6 |  7- 9 || total
-------------------------+-------+-------+-------++-------
Melee: Unarmed           |     9 |       |       ||     9
       Short sword       |    45 |    31 |       ||    76
       Punch             |     1 |       |     1 ||     2
       Mace              |       |    65 |    23 ||    88
 Cast: Magic Dart        |    48 |     6 |     1 ||    55
       Searing Ray       |       |     2 |       ||     2
 Abil: Shaft Self        |       |       |     1 ||     1
  Use: Scroll            |       |     4 |       ||     4
 Stab: Sleeping          |     1 |     4 |       ||     5
       Distracted        |       |     1 |       ||     1
Armor: Robe              |    13 |    26 |     6 ||    45
Dodge: Dodged            |    48 |    79 |    34 ||   161
